 Dungeon Crawl Stone Soup version 0.28.0-47-ge53b351184 (webtiles) character file.

Game seed: 4307692156207390857

2006 Icepheonix32 the Frost Mage (level 9, -2/62 HPs)
             Began as a Demonspawn Ice Elementalist on Apr 25, 2022.
             Killed from afar by an electric eel (12 damage)
             ... with a bolt of electricity
             ... on level 6 of the Dungeon.
             The game lasted 00:10:54 (6317 turns).

Icepheonix32 the Frost Mage (DsIE)                  Turns: 6317, Time: 00:10:55

Health: -2/62      AC:  8    Str: 12    XL:     9   Next: 2%
Magic:  12/12      EV: 24    Int: 17    God:
Gold:   299        SH:  0    Dex: 26    Spells: 5/12 levels left

rFire   . . .      SeeInvis .   H - +8 mace of Tuqat {chaos, Contam rN++ Dex+6}
rCold   . . .      Faith    .   (no shield)
rNeg    + + .      Spirit   .   j - +5 robe of Misfortune {Harm *Corrode *Slow EV+5}
rPois   .          Reflect  .   (no helmet)
rElec   .          Harm     +   x - +0 cloak
rCorr   .          Rampage  .   (no gloves)
Will    .....                   (no boots)
Stlth   ++........              (no amulet)
HPRegen 0.20/turn               s - +4 ring of protection
MPRegen 0.13/turn               C - +6 ring of dexterity

@: corroded, very slow
A: repulsion field 2, ignite blood 1, spiny 2
a: no special abilities


You were on level 6 of the Dungeon.
You visited 1 branch of the dungeon, and saw 6 of its levels.

You collected 299 gold pieces.

Inventory:

Hand Weapons
 b - a +0 dagger
 g - a +1 short sword of draining
 h - a +2 spear of venom
 w - a +1 demon whip of electrocution
 B - a +4 short sword
 H - the +8 mace of Tuqat (weapon) {chaos, Contam rN++ Dex+6}
   (You found it on level 6 of the Dungeon)

   Each time it hits an enemy it has a different, random effect.
   Dex:       It affects your dexterity (+6).
   rN:        It greatly protects you from negative energy.
   Contam:    It causes magical contamination when unequipped.
Missiles
 E - 5 boomerangs
Armour
 a - a +0 robe
 i - a scarf of invisibility
 j - the +5 robe of Misfortune (worn) {Harm *Corrode *Slow EV+5}
   (You found it on level 3 of the Dungeon)

   EV:        It affects your evasion (+5).
   *Corrode:  It may corrode you when you take damage.
   *Slow:     It may slow you when you take damage.
   Harm:      It increases damage dealt and taken.
 x - a +0 cloak (worn)
Jewellery
 n - a ring of resist corrosion
 r - a ring of fire
 s - a +4 ring of protection (left hand)
 t - a ring of magical power
 y - a ring of protection from cold
 z - a ring of see invisible
 C - a +6 ring of dexterity (right hand)
Wands
 m - a wand of acid (4)
Scrolls
 f - 4 scrolls of teleportation
 k - 2 scrolls of fog {unknown}
 o - 2 scrolls of amnesia
 p - a scroll of magic mapping
 q - 2 scrolls of immolation {unknown}
 F - a scroll of identify
 G - a scroll of summoning {unknown}
Potions
 c - a potion of berserk rage
 d - 2 potions of heal wounds
 e - a potion of invisibility
 l - a potion of brilliance
 u - 3 potions of magic {unknown}
 v - a potion of attraction {unknown}
 A - a potion of lignification {unknown}
 D - a potion of cancellation {unknown}


   Skills:
 + Level 2.3 Fighting
 - Level 1.2 Polearms
 * Level 5.3 Dodging
 - Level 1.7 Stealth
 - Level 1.2 Unarmed Combat
 - Level 2.0 Spellcasting
 * Level 9.7 Ice Magic


You had 5 spell levels left.
You knew the following spells:

 Your Spells              Type           Power      Damage    Failure   Level
a - Freeze                Ice            100%       1d11      1%          1
b - Ozocubu's Armour      Ice            34%        N/A       1%          3
c - Frozen Ramparts       Ice            68%        1d8       1%          3

Your spell library contained the following spells:

 Spells                   Type           Power      Damage    Failure   Level
 Hailstorm                Conj/Ice       18%        3d6       26%         4


Dungeon Overview and Level Annotations

Branches:
Dungeon (6/15)
 Temple: D:4-7

Altars:
Dithmenos
Ru
Uskayaw
Wu Jian

Shops:
D:4 :(

Annotations:
D:5 2 transporters


Innate Abilities, Weirdness & Mutations

You are surrounded by a moderate repulsion field. (EV +3)
Your demonic aura sometimes causes spilled blood to erupt in flames.
You are mostly covered in sharp spines.


Message History

You feel stronger. x2
Found a stone staircase leading down.
Things that are here:
a +0 shortbow; 23 arrows
Found a stone staircase leading up.
There is a stone staircase leading down here.
There is a stone staircase leading up here.
F - a scroll of identify A sky beast comes into view.
You see here a scroll labelled ORRAXKALACK.
G - a scroll labelled ORRAXKALACK
k - 2 scrolls labelled CUTHOKKU TYPNO (gained 1)
There are no items here.
Found a leather armour.
Found a stone staircase leading down.
You now have 299 gold pieces (gained 13).
Found an ivory mace.
No target in view!
You see here the +8 mace of Tuqat {chaos, Contam rN++ Dex+6}.
H - the +8 mace of Tuqat {chaos, Contam rN++ Dex+6} You feel agile.
You feel a build-up of mutagenic energy.
The +8 mace of Tuqat {chaos, Contam rN++ Dex+6} is briefly surrounded by a scintillating aura of random colours.
H - the +8 mace of Tuqat (weapon)
{chaos, Contam rN++ Dex+6} You enter the shallow water.
Moving in this stuff is going to be slow.
An electric eel comes into view.
The electric eel shoots out a bolt of lightning at you!
The bolt of electricity hits you!
Unknown command.
The electric eel shoots out a bolt of lightning at you!
The bolt of electricity hits you!
Your corrosive artefact corrodes you!
The electric eel shoots out a bolt of lightning at you!
The bolt of electricity hits you!
The electric eel shoots out a bolt of lightning at you!
The bolt of electricity hits you!
* * * LOW HITPOINT WARNING * * *
The electric eel shoots out a bolt of lightning at you!
The bolt of electricity hits you!
You die...

#.#....#### #.#.......#
#.#.......# #.
#.#..[.♣≈♣#
#.##.#.##♣♣♣♣♣
#.##.#.♣♣♣≈≈≈♣♣## #
#.##.#♣≈≈P≈≈P≈♣≈♣#
#.#.##.#♣♣P≈♣≈≈≈≈♣≈#
#.#.##.≈≈≈≈≈≈≈@≈P≈♣#
#......≈♣≈≈P≈≈♣≈≈≈♣♣
#####....PP≈≈≈≈≈≈≈≈≈≈♣ ##
.........≈♣≈≈≈≈≈≈≈≈≈♣♣ ..
#####...♣≈≈P♣≈≈≈≈≈≈≈≈♣#.#
#...♣≈≈P≈≈≈≈≈≈≈≈≈P≈.#
#...♣♣≈≈≈≈≈≈≈≈≈♣≈♣P.#
'...♣≈≈≈≈≈≈≈≈≈S≈≈♣♣##
#####...♣ ≈≈≈≈≈≈≈≈≈≈≈♣


You could see an electric eel.

Vanquished Creatures
  Grinder (D:3)
  3 yaks (D:5)
  An acid dragon (D:5)
  An orc warrior (D:6)
  A black bear (D:5)
  2 ogres
  A necrophage (D:6)
  A centaur (D:6)
  3 scorpions
  A wight (D:6)
  An electric eel (D:6)
  A bullfrog zombie (D:5)
  3 hounds (D:5)
  An orc priest (D:6)
  2 jellies
  2 bullfrog skeletons
  Jessica (D:2)
  An orc wizard (D:6)
  6 adders
  3 shadow imps
  An ufetubus (D:5)
  4 worms (D:2)
  2 dart slugs (D:1)
  12 orcs
  12 endoplasms
  2 giant cockroaches
  5 goblins
  7 hobgoblins
  3 kobolds
  7 quokkas
  10 ball pythons
  4 bats
  5 frilled lizards
  4 rats
114 creatures vanquished.

Vanquished Creatures (others)
  11 plants (D:6)
11 creatures vanquished.

Grand Total: 125 creatures vanquished

Notes
Turn   | Place    | Note
-------+----------+-------------------------------------------
     0 | D:1      | Icepheonix32 the Demonspawn Ice Elementalist began the
                  | quest for the Orb.
     0 | D:1      | Reached XP level 1. HP: 13/13 MP: 3/3
     3 | D:1      | Found a faded altar of an unknown god.
   339 | D:1      | Reached skill level 4 in Ice Magic
   381 | D:1      | Gained mutation: You are surrounded by a mild repulsion
                  | field. (EV +2) [demonic ancestry]
   381 | D:1      | Reached XP level 2. HP: 19/19 MP: 1/5
  1302 | D:2      | Noticed Jessica
  1328 | D:2      | Killed Jessica
  1329 | D:2      | Gained mutation: You are surrounded by a moderate repulsion
                  | field. (EV +3) [demonic ancestry]
  1329 | D:2      | Reached XP level 3. HP: 15/24 MP: 0/6
  1842 | D:2      | Gained mutation: Your demonic aura sometimes causes spilled
                  | blood to erupt in flames. [demonic ancestry]
  1842 | D:2      | Reached XP level 4. HP: 30/30 MP: 1/7
  1950 | D:2      | Reached skill level 1 in Unarmed Combat
  2059 | D:2      | Reached skill level 5 in Ice Magic
  3023 | D:2      | Learned a level 3 spell: Ozocubu's Armour
  3027 | D:2      | Learned a level 3 spell: Frozen Ramparts
  3201 | D:3      | Noticed a scorpion
  3203 | D:3      | Found the +5 robe of Misfortune {Harm *Corrode *Slow EV+5}
  3282 | D:3      | Found an ornate altar of the Wu Jian Council.
  3469 | D:3      | Killed a scorpion
  3470 | D:3      | Gained mutation: You are partially covered in sharp spines.
                  | [demonic ancestry]
  3470 | D:3      | Reached XP level 5. HP: 35/35 MP: 4/8
  3531 | D:3      | Found a shadowy altar of Dithmenos.
  3540 | D:3      | Noticed Grinder
  3564 | D:3      | Killed Grinder
  3565 | D:3      | Reached skill level 6 in Ice Magic
  3565 | D:3      | Reached XP level 6. HP: 42/42 MP: 3/9
  3727 | D:4      | Found Tuodoesu's Book Shoppe.
  3803 | D:4      | Found a hide-covered altar of Uskayaw.
  3916 | D:4      | Found Bumeczae's Weapon Shop.
  3937 | D:4      | Reached skill level 7 in Ice Magic
  3938 | D:4      | Reached XP level 7. HP: 18/47 MP: 6/10
  4197 | D:4      | Found a sacrificial altar of Ru.
  4668 | D:5      | Entered Level 5 of the Dungeon
  4799 | D:5      | Found a transporter.
  4824 | D:5      | Found a transporter.
  4845 | D:5      | Reached skill level 1 in Fighting
  5029 | D:5      | Reached skill level 8 in Ice Magic
  5044 | D:5      | Noticed a yak
  5045 | D:5      | Noticed a yak
  5046 | D:5      | Noticed a yak
  5051 | D:5      | Killed a yak
  5052 | D:5      | Gained mutation: You are mostly covered in sharp spines.
                  | [demonic ancestry]
  5052 | D:5      | Reached XP level 8. HP: 54/54 MP: 11/11
  5184 | D:5      | Reached skill level 9 in Ice Magic
  5854 | D:6      | Reached skill level 5 in Dodging
  5874 | D:6      | Reached skill level 1 in Polearms
  6225 | D:6      | Reached XP level 9. HP: 62/62 MP: 12/12
  6289 | D:6      | Identified the +8 mace of Tuqat {chaos, Contam rN++ Dex+6}
  6317 | D:6      | Killed from afar by an electric eel

Illustrated notes

Levels and vault maps discovered:
D:1:      beargit_arrival_greenhouse, layout_loops_ring, basic_ecumenical_altar
D:2:      layout_basic, uniq_jessica
D:3:      layout_rooms, amcnicky_altar_gilded,
          mainiacjoe_overflow_cross_hatched, uniq_grinder
D:4:      layout_basic, marbit_many_paths, mainiacjoe_overflow_tiny_flanked,
          serial_shops, nicolae_square_shop, nicolae_shop_bloodbath_and_beyond,
          minivault_26
D:5:      gammafunk_wand_slinger, layout_cave_pools, kennysheep_generic_room_16
D:6:      layout_basic, serial_bayou, serial_bayou_pond_c, serial_bayou_lake_a,
          serial_bayou_shore_b, serial_bayou_pond_b

Skill      XL: |  1  2  3  4  5  6  7  8 |
---------------+-------------------------+-----
Ice Magic      | 4 5 6 7 8 9 |  9.7
Dodging        | 2 3 4 5 |  5.3
Unarmed Combat | 1 |  1.2
Fighting       | 1 2 |  2.3
Polearms       | 1 |  1.2
Stealth        | |  1.7
Spellcasting   | |  2.0

Action                   |  1- 3 |  4- 6 |  7- 9 || total
-------------------------+-------+-------+-------++-------
Melee: Dagger            |    18 |    19 |       ||    37
       Spear             |       |    45 |   147 ||   192
       Short sword       |       |    20 |     1 ||    21
       Punch             |       |     3 |     8 ||    11
 Cast: Freeze            |    54 |    40 |       ||    94
       Ozocubu's Armour  |       |     3 |    13 ||    16
       Frozen Ramparts   |       |     3 |     3 ||     6
  Use: Scroll            |       |     5 |     2 ||     7
 Stab: Sleeping          |     2 |     3 |       ||     5
       Distracted        |       |     2 |       ||     2
Armor: Robe              |     3 |    15 |    28 ||    46
Dodge: Dodged            |    50 |    83 |   108 ||   241
